Map: Ley Lines

Players

iPlayDefense

  • Race: Terran Terran
  • Spawn Location: 1:00

VOD

Have the link to the VOD?

Description

Time

  • Played on: April 11, 2025, 2:05 p.m.
  • Length: 7:51
Show
View Real Time Build Order
Export as new Build Order

iPlayDefense Terran 

Build Orders:  

Get SALT Encoding   

  12  0:02  SCV  
  13  0:19  SCV  
  14  0:29  Supply Depot  
  14  0:37  Refinery  
  14  1:03  Barracks  
  14  1:09  SCV  
  15  1:26  SCV  
  16  2:09  Orbital Command, Barracks Reactor  
  16  2:25  Command Center  
  16  2:55  SCV  
  17  3:12  SCV  
  18  3:22  Supply Depot  
  18  3:43  Factory  
  18  3:48  SCV  
  19  3:58  Marine x2  
  21  4:05  SCV  
  21  4:06  SCV  
  23  4:20  Bunker  
  23  4:22  SCV  
  23  4:23  SCV  
  23  4:25  Marine  
  23  4:27  Marine  
  27  4:39  SCV  
  28  4:40  SCV  
  29  4:56  SCV  
  29  4:57  SCV  
  31  5:05  Engineering Bay  
  31  5:06  Supply Depot  
  31  5:08  Factory Reactor  
  31  5:22  Bunker  
  31  5:37  Supply Depot  
  31  6:06  Widow Mine  
  31  6:07  Marine x2, Widow Mine  
  37  6:25  SCV x2  
  39  6:32  Marine x2  
  39  6:36  Widow Mine  
  39  6:37  Widow Mine  
  41  6:42  SCV x2  
  47  6:59  SCV  
  48  7:06  Widow Mine  
  48  7:07  Widow Mine  
  48  7:15  Command Center  
  52  7:21  SCV  
  52  7:22  SCV  
Tags
 
Matchup
Co-op
Replay Pack
DaveSC2
Add a new tag
Caveats
  • Supply blocks, unpowered buildings, or Contaminate may cause inaccurate times.
  • Supply counts are checked every 10 seconds.